 Dungeon Crawl Stone Soup version 0.30.1-4-g462c640d31 (webtiles) character file.

Game seed: 8584345267501082023

7830 wingedge the Thaumaturge (level 10, 0/82 (86) HPs)
             Began as a Demigod Earth Elementalist on Aug 18, 2023.
             Slain by an orange demon (1 damage)
             ... summoned by an orc sorcerer
             ... while paralysed by an orc sorcerer
             ... in a bailey.
             The game lasted 00:27:13 (9961 turns).

wingedge the Thaumaturge (DgEE)                     Turns: 9961, Time: 00:27:14

HP:   0/82 (86)     AC:  6    Str:  9    XL:     10   Next: 71%
MP:   21/27         EV:  2    Int: 29    God:
Gold: 548           SH:  0    Dex: 14    Spells: 23/27 levels left

rFire   . . .        b - +0 falchion (protect)
rCold   . . .        (no shield)
rNeg    . . .        g - +0 robe
rPois   .            (no helmet)
rElec   .            (no cloak)
rCorr   +            (no gloves)
SInv    .            (no boots)
Will    +....        H - amulet of magic regeneration
Stlth   ++           i - +4 ring of protection
HPRegen 0.33/turn    z - ring of resist corrosion
MPRegen 0.60/turn

%: no passive effects
@: paralysed, lethally poisoned (0 -> -30), lightly drained
A: high MP 1, forlorn, divine attributes
a: no special abilities


You were in a bailey.
You visited 1 branch of the dungeon, and saw 8 of its levels.
You also visited: Ossuary and Bailey.

You collected 548 gold pieces.

Inventory:

Hand Weapons
 b - a +0 falchion of protection (weapon)
 c - a +1 sling of flaming
 v - a +1 dagger of venom
Missiles
 h - 28 poisoned darts
 K - a javelin
Armour
 g - a +0 robe (worn)
Magical Staves
 a - a staff of conjuration
Jewellery
 i - a +4 ring of protection (left hand)
 z - a ring of resist corrosion (right hand)
 H - an amulet of magic regeneration (around neck)
Wands
 r - a wand of charming (8) (quivered)
 I - a wand of roots (16)
 L - a wand of polymorph (9)
Scrolls
 d - 2 scrolls of silence
 e - a scroll of butterflies
 f - a scroll of brand weapon
 j - 4 scrolls of enchant weapon
 k - 2 scrolls of fear
 m - a scroll of blinking
 o - 5 scrolls of teleportation
 p - 3 scrolls of immolation
 t - 4 scrolls of fog
 y - a scroll of enchant armour
 F - a scroll of poison
 M - a scroll of acquirement
Potions
 l - 2 potions of resistance
 n - 2 potions of might {unknown}
 q - 7 potions of curing
 s - a potion of invisibility {unknown}
 u - 4 potions of flight {unknown}
 w - 2 potions of lignification {unknown}
 x - 2 potions of brilliance {unknown}
 A - 3 potions of attraction
 B - 2 potions of ambrosia {unknown}
 C - a potion of magic
 D - a potion of degeneration {unknown}
 E - a potion of mutation {unknown}
 G - 2 potions of heal wounds {unknown}
 J - a potion of cancellation {unknown}


   Skills:
 - Level 7.0 Fighting
 - Level 1.0 Armour
 - Level 5.0 Dodging
 - Level 3.0 Stealth
 + Level 9.4 Spellcasting
 - Level 6.0 Conjurations
 - Level 0.8 Transmutations
 - Level 6.0 Earth Magic


You had 23 spell levels left.
You knew the following spells:

 Your Spells              Type           Power      Damage    Failure   Level
a - Sandblast             Erth           96%        2d20      1%          1
b - Stone Arrow           Conj/Erth      96%        3d13      1%          3

Your spell library contained the following spells:

 Spells                   Type           Power      Damage    Failure   Level
 Passwall                 Tmut/Erth      27%        N/A       1%          2
 Apportation              Tloc           26%        N/A       4%          1
 Petrify                  Tmut/Erth      33%        N/A       10%         4
 Alistair's Intoxication  Tmut/Pois      10%        N/A       67%         5


Dungeon Overview and Level Annotations

Branches:
Dungeon (8/15)             Temple (0/1) D:4         Ossuary (visited)
 Bailey (1/1)
   Lair: D:8-11

Shops:
D:1 (   D:6 (

Annotations:
D:8 1 runed translucent door, sunglassesatnite's ghost, novice MiBe


Innate Abilities, Weirdness & Mutations

You have an increased reservoir of magic. (+10% MP)
You shall have no god before yourself.
Your divine heritage dramatically boosts your attributes as you level up.


Message History

Aiming: Stone Arrow (safe; 1% risk of failure)
Press: ? - help, Shift-Dir - straight line, f - orc, p - orc sorcerer
Aim: an orc, wielding a +1 morningstar of draining and wearing a +0 leather armour (76% to hit)
The stone arrow hits the orc sorcerer!!
The orc sorcerer is heavily wounded.
The orc sorcerer hits your orc warrior with a +0 war axe.
The orc sorcerer hits you with a +0 war axe!
The orange demon stings you. The orange demon barely misses you.
Casting: Stone Arrow (safe; 1% risk of failure)
Confirm with . or Enter, or press ? or * to list all spells.
Aiming: Stone Arrow (safe; 1% risk of failure)
Press: ? - help, Shift-Dir - straight line, f - orc sorcerer, p - orc
Aim: an orc sorcerer, wielding a +0 war axe and wearing a +0 scale mail (heavily wounded, ally target, 73% to hit)
The stone arrow misses the orc sorcerer.
The orc sorcerer gestures at you while chanting.
You suddenly lose the ability to move!
The orange demon stings you.
The orange demon hits you but does no damage.
The orc sorcerer gestures at you while chanting.
The bolt of negative energy hits you!!
You feel drained. The orange demon stings you.
You are poisoned.
The orange demon poisons you!
The orange demon hits you but does no damage.
You feel very sick.
The orc sorcerer hits you with a +0 war axe!
The orc sorcerer hits your orc warrior with a +0 war axe.
The orange demon stings you!
* * * LOW HITPOINT WARNING * * *
You are lethally poisoned!
The orange demon poisons you! The orange demon hits you.
* * * LOW HITPOINT WARNING * * *
* * * LOW HITPOINT WARNING * * *
You feel extremely sick.
The orc sorcerer hits your orc warrior with a +0 war axe!
The orc sorcerer hits you with a +0 war axe!
* * * LOW HITPOINT WARNING * * *
The orange demon stings you.
* * * LOW HITPOINT WARNING * * *
The orange demon hits you.
You die...

###############.
#...)...#...).'.
#.8)8.8.'.))..# ..#≈≈≈≈≈#
####.).########### ##.#≈≈≈≈≈#
#...)..# .#.~≈≈≈≈≈# #......#
#.~≈≈≈≈≈# #''##### #.~≈≈≈≈≈#
#.....# #########)~≈≈≈≈≈#
'.))..# ..#.o8@8..#.~≈≈≈≈≈#
'..⌠..# ._.'..oo4..)∩~≈≈≈≈≈#
'.....# ...#..8.8..#.~≈≈≈≈≈#
#.....# . #########.~≈≈≈≈≈#
#''##### #..#.~≈≈≈≈≈#
#..)...# #..#.~≈≈≈≈≈#
#......# #.'..#.†≈≈≈≈≈#
####...##############.#≈≈≈≈≈#
#.8)8.8.)))..)#....#≈≈≈≈≈#


You could see an orange demon (summoned), an orc sorcerer (ally target), an orc
and a friendly orc warrior (charmed, paralysed).

Vanquished Creatures
  3 two-headed ogres
  Pikel (D:4)
  An orc knight (Bailey)
  A cyclops (D:7)
  Joseph (D:7)
  A kobold demonologist (Bailey)
  A wraith (D:7)
  A vampire mosquito (D:7)
  3 water moccasins
  An acid dragon (D:7)
  An ice beast (D:7)
  A sky beast (D:7)
  9 orc warriors (Bailey)
  2 ogres (D:6)
  3 centaurs
  3 phantoms
  2 lemures (D:4)
  An elf zombie (Ossuary)
  A kobold brigand (D:8)
  A gnoll sergeant (D:6)
  2 bullfrogs (D:7)
  2 scorpions
  4 wights (D:5)
  2 killer bees (D:7)
  3 electric eels (Bailey)
  A human zombie (Ossuary)
  An orc priest (D:8)
  4 hounds
  5 iguanas
  2 sleepcaps
  Ijyb (D:3)
  6 orc wizards
  A hound zombie (Ossuary)
  4 mummies (Ossuary)
  7 adders
  7 gnolls
  2 shadow imps
  A white imp (D:6)
  4 ufetubi
  An adder zombie (Ossuary)
  A worm (D:4)
  4 dart slugs
  23 orcs
  6 ball pythons
  10 endoplasms
  4 giant cockroaches
  A gnoll zombie (Ossuary)
  14 hobgoblins
  7 jackals
  8 kobolds
  2 quokkas
  10 bats
  A frilled lizard (D:3)
  18 goblins
  A goblin zombie (Ossuary)
  A jackal zombie (Ossuary)
  2 kobold zombies (Ossuary)
  An orc zombie (Ossuary)
  4 rats
  2 rat zombies (Ossuary)
218 creatures vanquished.

Vanquished Creatures (collateral kills)
  An adder (D:4)
1 creature vanquished.

Vanquished Creatures (others)
  A killer bee (D:7)
  An orc (D:7)
  A jackal (D:5)
3 creatures vanquished.

Grand Total: 222 creatures vanquished

Notes
Turn   | Place    | Note
-------+----------+-------------------------------------------
     0 | D:1      | wingedge the Demigod Earth Elementalist began the quest for
                  | the Orb.
     0 | D:1      | Reached XP level 1. HP: 14/14 MP: 5/5
    30 | D:1      | Found Fuciov's Antique Weapon Shoppe.
   283 | D:1      | Reached XP level 2. HP: 22/22 MP: 2/7
   515 | D:1      | Reached skill level 2 in Spellcasting
   847 | D:1      | Reached skill level 1 in Fighting
   965 | D:1      | Reached skill level 1 in Conjurations
   965 | D:1      | Reached XP level 3. HP: 22/28 MP: 4/8
  1569 | D:2      | Noticed a phantom
  1587 | D:2      | Learned a level 3 spell: Stone Arrow
  1594 | D:2      | You fall into a shaft and drop 1 floor!
  1815 | D:2      | Killed a phantom
  1816 | D:2      | Reached XP level 4. HP: 36/36 MP: 2/10
  2214 | D:3      | Reached XP level 5. HP: 41/41 MP: 7/12
  2865 | D:3      | Noticed Ijyb
  2918 | D:3      | Killed Ijyb
  2919 | D:3      | Reached skill level 3 in Spellcasting
  3342 | D:4      | Noticed Pikel
  3478 | D:4      | Reached XP level 6. HP: 48/48 MP: 3/13
  3940 | D:4      | Found a staircase to the Ecumenical Temple.
  4128 | D:4      | Killed Pikel
  4129 | D:4      | Reached skill level 5 in Conjurations
  4129 | D:4      | Reached skill level 5 in Earth Magic
  4129 | D:4      | Reached XP level 7. HP: 57/57 MP: 2/14
  4398 | D:5      | Entered Level 5 of the Dungeon
  4926 | D:5      | Reached skill level 4 in Spellcasting
  4983 | D:5      | Reached XP level 8. HP: 52/63 MP: 0/18
  5046 | D:5      | Reached skill level 5 in Spellcasting
  5497 | D:5      | Reached skill level 6 in Spellcasting
  5943 | D:5      | Noticed a two-headed ogre
  5948 | D:5      | Killed a two-headed ogre
  5949 | D:5      | Reached skill level 7 in Spellcasting
  6461 | D:6      | Reached XP level 9. HP: 72/72 MP: 16/23
  6942 | D:6      | Found Xip Ukuc's Antique Weapon Boutique.
  7418 | D:7      | Found a sand-covered staircase.
  7422 | D:7      | Reached skill level 5 in Fighting
  7432 | Ossuary  | Entered an ossuary
  8195 | D:7      | Noticed Joseph
  8211 | D:7      | Killed Joseph
  8212 | D:7      | Reached skill level 1 in Armour
  8509 | D:7      | Noticed a cyclops
  8512 | D:7      | Killed a cyclops
  8584 | D:7      | Reached XP level 10. HP: 83/83 MP: 18/25
  8968 | D:8      | Noticed a two-headed ogre
  8975 | D:8      | Killed a two-headed ogre
  8976 | D:8      | Reached skill level 8 in Spellcasting
  9042 | D:8      | Found a runed translucent door.
  9043 | D:8      | Noticed sunglassesatnite's ghost (novice MiBe)
  9108 | D:8      | Noticed a two-headed ogre
  9112 | D:8      | Killed a two-headed ogre
  9113 | D:8      | Reached skill level 5 in Dodging
  9381 | D:8      | Found a flagged portal.
  9399 | Bailey   | Entered a bailey
  9497 | Bailey   | Noticed an orc knight
  9502 | Bailey   | Killed an orc knight
  9710 | Bailey   | Reached skill level 9 in Spellcasting
  9948 | Bailey   | Noticed an orc sorcerer
  9958 | Bailey   | Paralysed by an orc sorcerer for 4 turns
  9961 | Bailey   | HP: 4/82 [orc sorcerer/+0 war axe (7)]
  9961 | Bailey   | HP: 1/82 [orange demon[an orc sorcerer] (3)]
  9961 | Bailey   | Slain by an orange demon

Illustrated notes

Levels and vault maps discovered:
D:1:      dpeg_arrival_long_road, layout_loops_ring, serial_shops, shop
D:2:      layout_loops_cross
D:3:      layout_loops_corners, nicolae_qazlal_scattered_showers, uniq_ijyb
D:4:      layout_cave_pods, minmay_temple_entry_steel_oval, serial_glass,
          glass_columns_b, glass_columns_b, uniq_pikel
D:5:      minmay_chambers_of_threes, layout_loops_corners
D:6:      layout_loops_cross, serial_shops, shop
D:7:      layout_basic, nicolae_ossuary_entry_monument, kb_rosetta, uniq_joseph
D:8:      minmay_chambers_of_sevens, layout_loops_cross, fiery_altar_vehumet,
          gammafunk_ghost_grave, enter_bailey_5, minmay_misc_feat_secret_circle
Bailey:   bailey_axe_of_yendor_kennysheep, bailey

Skill      XL: |  1  2  3  4  5  6  7  8  9 10 |
---------------+-------------------------------+-----
Stealth        | 2 3 |  3.0
Dodging        | 2 4 5 |  5.0
Spellcasting   | 2 3 4 7 9 |  9.4
Fighting       | 1 2 3 4 5 7 |  7.0
Earth Magic    | 3 4 5 6 |  6.0
Conjurations   | 1 2 5 6 |  6.0
Armour         | 1 |  1.0
Transmutations | |  0.8

Action                     |  1- 3 |  4- 6 |  7- 9 | 10-12 || total
---------------------------+-------+-------+-------+-------++-------
  Melee: Unarmed           |     2 |       |       |       ||     2
         Short sword       |       |    27 |       |       ||    27
         Falchion          |       |       |    32 |     2 ||    34
         Whip              |       |       |     9 |       ||     9
         Staff             |       |       |     3 |       ||     3
  Throw: Javelin           |       |       |     2 |       ||     2
   Cast: Sandblast         |    77 |    49 |    32 |       ||   158
         Stone Arrow       |     2 |    17 |   119 |    82 ||   220
  Evoke: Wand              |       |     1 |     6 |     4 ||    11
    Use: Scroll            |     4 |     3 |     7 |     1 ||    15
 Armour: Robe              |     4 |    19 |    55 |     9 ||    87
  Dodge: Dodged            |    16 |    24 |   104 |     8 ||   152
